Map: Submarine LE

Players

RXCAs

  • Race: Zerg Zerg
  • League: Bronze
  • Spawn Location: 11:00

VOD

Have the link to the VOD?

Description

Time

  • Played on: July 13, 2020, 3:49 p.m.
  • Length: 10:08
Show
View Real Time Build Order
Export as new Build Order

RXCAs Zerg 

Build Orders:  

Get SALT Encoding   

  12  0:03  Drone  
  13  0:19  Overlord  
  13  0:23  Drone  
  14  0:44  Drone x2  
  16  1:09  Hatchery  
  15  1:13  Drone  
  15  1:18  Drone  
  17  1:24  Drone  
  18  1:38  Extractor  
  17  1:45  Spawning Pool  
  16  1:50  Drone  
  16  1:54  Drone  
  18  2:04  Drone  
  19  2:22  Overlord  
  19  2:34  Drone  
  20  2:49  Drone x2  
  22  2:52  Queen x2  
  26  3:07  Zergling x2  
  26  3:08  Zergling x2  
  28  3:23  Roach Warren  
  28  3:35  Baneling Nest  
  28  3:37  Drone  
  28  3:38  Drone x3  
  31  3:54  Queen  
  31  3:58  Overlord  
  33  4:00  Metabolic Boost  
  33  4:01  Overlord  
  33  4:06  Drone  
  33  4:09  Drone  
  35  4:21  Drone  
  35  4:23  Drone  
  35  4:28  Drone x2  
  39  4:30  Drone  
  40  4:41  Drone x4  
  44  5:06  Queen  
  46  5:10  Extractor  
  46  5:11  Lair  
  46  5:12  Extractor  
  46  5:16  Drone x3  
  46  5:17  Drone  
  46  5:18  Drone x2  
  46  5:19  Drone  
  51  5:34  Overlord x2  
  51  5:54  Drone  
  52  6:14  Evolution Chamber  
  52  6:17  Zergling x6  
  52  6:18  Zergling x4  
  56  6:21  Zergling x2  
  56  6:22  Zergling x2  
  56  6:23  Overlord x2  
  58  6:35  Spire  
  58  6:36  Centrifical Hooks  
  57  6:40  Zergling x6  
  57  6:41  Zergling x2  
  61  6:56  Drone  
  62  7:59  Overlord x2  
  62  8:02  Zergling x8  
  62  8:03  Zergling x8  
  68  8:32  Baneling x2  
  68  8:33  Baneling x4  
  68  8:34  Baneling x5  
  68  8:35  Baneling x4  
  68  8:36  Baneling x5  
  68  8:37  Baneling  
  68  8:56  Extractor, Drone x2  
  68  8:57  Drone  
  60  9:44  Baneling  
  60  9:47  Baneling  
Tags
 
League
Bronze
Matchup
Co-op
Add a new tag
Caveats
  • Supply blocks, unpowered buildings, or Contaminate may cause inaccurate times.
  • Supply counts are checked every 10 seconds.